Unix xNetHack Version 8.0.0 - last build Jan 14 2024 16:46:22 (be4d3c81716514284228e1a23197c27ddb32b841). Game began 2024-03-10 18:25:29, ended 2024-03-10 21:48:03. Catomat, neutral female human Wizard --.-- |)<..- -)[.). ...... --- ..))[) .@. ..... ... -..- Catomat the Thaumaturge St:6 Dx:13 Co:15 In:18 Wi:14 Ch:12 Neutral S:8346 Dlvl:7 $:0 HP:0(48) Pw:29(82) AC:6 Xp:8/1984 T:8915 Latest messages: You drop an uncursed credit card {1}. You see here a leash. You see here a leash. You see here a whistle. You see here a leash. What do you want to use or apply? [egklswIY or ?*] You produce a strange whistling sound. You try to move the boulder, but in vain. You see here 7 rocks. You try to move the boulder, but in vain. You try to move the boulder, but in vain. In what direction? The boulder falls apart. The door crashes open! The spell hits Izchak! Izchak resists! Izchak gets angry! Izchak zaps a steel wand! The magic missile hits you! The magic missile bounces! The magic missile hits you! Izchak zaps a wand of magic missile! The magic missile hits you! The magic missile bounces! The magic missile hits you! Please move the cursor to an unknown object. (For instructions type a '?') You see here 7 rocks. Izchak mutters an incantation. The boulder falls apart. In what direction? You dig a hole through the floor. You fall through... Izchak manages to get a grip on you! Izchak zaps a wand of striking! The wand misses you. Your hands begin to glow red. Izchak zaps a wand of striking! The wand misses you. You jab Izchak. Your hands stop glowing red. Izchak appears confused. Izchak zaps a wand of striking! The wand hits you! Izchak zaps a wand of striking! The wand hits you! You die... Izchak takes all your possessions. Do you want to see what you had when you died? [ynq] (y) Do you want to see your attributes? [ynq] (y) Inventory: Inventory: 544/575 weight (27/52 slots) Amulets x - an uncursed iron amulet of guarding (being worn) {22} Weapons d - 15 +0 daggers (wielded) {150} a - a blessed +1 quarterstaff {40} Armor Z - a blessed +2 pair of silver dwarvish boots {56} B - an uncursed +0 pair of dwarvish boots {50} G - an uncursed +0 dwarvish cloak {10} C - an uncursed +0 robe (being worn) {12} S - an uncursed +0 T-shirt with text "Kiss me, I'm Elvish" (being worn) {4} Comestibles M - an uncursed food ration {20} N - 2 uncursed oranges {4} Scrolls V - an uncursed scroll of confuse monster {5} c - an uncursed scroll of create monster {5} D - a blessed scroll of earth {5} Rings K - an uncursed ring of polymorph control (on left hand) {3} H - an uncursed ring of regeneration (on right hand) {3} v - an uncursed ring of slow digestion {3} z - an uncursed ring of sustain ability {3} Wands Y - a wand of striking (0:6) {7} Tools g - a magic marker (0:64) {2} w - an uncursed iron magic whistle {3} l - an uncursed oil lamp {20} I - a +0 pick-axe {100} k - an uncursed skeleton key {3} e - an uncursed tallow candle {2} Gems/Stones P - an uncursed chrysoberyl stone {1} O - an uncursed diamond {1} s - a blessed touchstone {10} Catomat the Wizard's attributes: Background: You were a Thaumaturge, a level 8 female human Wizard. You were neutral, on a mission for Thoth who was opposed by Ptah (lawful) and Anhur (chaotic). You were heterosexual. You were in the Gnomish Mines, on level 7. You entered the dungeon 8915 turns ago. There was a new moon in effect when your adventure ended. You had 1984 experience points, 576 more were needed to attain level 9. Your score was 8346 before end-of-game adjustments. Basics: You had 0 out of 48 hit points. You had 29 out of 82 energy points (spell power). Your armor class was 6. Your wallet was empty. Autopickup was on for '$"?!=/' plus thrown. Final Characteristics: Your strength was 6 (peak:10, limit:18/100). Your dexterity was 13 (peak:14, limit:18). Your constitution was 15 (limit:18). Your intelligence was 18 (limit:18). Your wisdom was 14 (limit:18). Your charisma was 12 (limit:18). Final Status: You were not hungry. You were unencumbered. You were wielding daggers. You had basic skill with dagger. Final Attributes: You were piously aligned. You were poison resistant. You regenerated. You had a small defense bonus (+2). You were protected. You had polymorph control. You are dead. Miscellaneous: You never encountered a bones level. Total elapsed playing time was 3 hours and 5 minutes. Major events: Turn 1: Catomat the neutral female human Wizard entered the dungeon 227: entered the Gnomish Mines 264: attained the rank of Conjurer (level 3) 1884: attained the rank of Thaumaturge (level 6) 3390: entered Sokoban 3731: completed 1st Sokoban level 8915: killed by a wand Vanquished creatures: 2 orc-captains a tengu a giant beetle a quivering blob a leprechaun 2 gnome rulers 2 brown puddings a gold golem a housecat a blue jelly a raven a ghost a rope golem a fire ant 8 Mordor orcs 5 Uruk-hai 4 orc shamans 2 rock piercers a rock mole 2 shriekers a violet fungus 4 gnome leaders a gnomish wizard a black naga hatchling 2 gray oozes an elf zombie 2 straw golems 2 paper golems 4 giant ants a little dog 4 floating eyes 9 dwarves 2 homunculi a kobold leader 15 hill orcs a rothe 2 giant bats 4 dwarf zombies 4 iguanas 4 killer bees 2 acid blobs a coyote 2 hobbits 4 giant rats a yellow mold a green mold 4 red molds 38 gnomes 2 garter snakes a gecko 3 jackals 4 foxes 2 kobolds 3 goblins 2 sewer rats 3 grid bugs a bat 3 lichens a kobold zombie 4 newts 186 creatures vanquished. No species were genocided or became extinct. Voluntary challenges: You read items or engraved 17 times. You never genocided any monsters. You never polymorphed an object. You never changed form. You never touched an artifact. You used no wishes. You never scared an enemy with impunity. You were celibate. You never generated conflict. You did not violate any of the special Sokoban rules. Achievements: You entered the Gnomish Mines. You attained the rank of Conjurer. You entered a shop. You attained the rank of Thaumaturge. You entered Sokoban. Dungeon overview: The Dungeons of Doom: levels 1 to 8 Level 1: Level 2: A general store. Stairs down to The Gnomish Mines. Level 3: "tmpstash" Many altars, a fountain. Level 4: A general store, some fountains. Level 5: An altar, a fountain, a tree. Level 6: "tmpstash" Many fountains. Oracle of Delphi. Level 7: A general store, a fountain, a sink. Stairs up to Sokoban, level 6. Level 8: The Gnomish Mines: levels 3 to 7 Level 3: "force bolt dropped" Level 4: Level 5: Level 6: "spellbooks by downstairs" An altar, some fountains. Level 7: <- You were here. Final resting place for you, killed by a wand. Sokoban: levels 6 up to 5 Level 5: Unsolved. Level 6: Solved. Game over: __________ / \ / REST \ / IN \ / PEACE \ / \ | Catomat | | 0 Au | | killed by a wand | | | | | | | | 2024 | *| * * * | * _________)/\\_//(\/(/\)/\//\/|_)_______ Goodbye Catomat the Wizard... You died in The Gnomish Mines on dungeon level 7 with 8346 points, and 0 pieces of gold, after 8915 moves. You were level 8 with a maximum of 48 hit points when you died.